 Dungeon Crawl Stone Soup version 0.27-a0-1557-g57f10a385c (webtiles) character file.

Game seed: 17096413277072801254

116 Sin92 the Skirmisher (level 4, -1/61 HPs)
             Began as a Minotaur Fighter on July 15, 2021.
             Slain by Sigmund (5 damage)
             ... on level 2 of the Dungeon.
             The game lasted 00:01:07 (1127 turns).

Sin92 the Skirmisher (Minotaur Fighter)             Turns: 1127, Time: 00:01:08

Health: -1/61      AC: 11    Str: 20 (21) XL:     4   Next: 70%
Magic:  3/3        EV:  7    Int:  4 (5)  God:
Gold:   75         SH:  9    Dex:  7 (10) Spells: 3/3 levels left

rFire    . . .     SeeInvis .   a - +0 war axe
rCold    . . .     Faith    .   c - +0 kite shield
rNeg     . . .     Spirit   .   b - +0 scale mail
rPois    .         Reflect  .   (helmet restricted)
rElec    .         Harm     .   (no cloak)
rCorr    .         Rampage  .   (no gloves)
Will     .....                  (no boots)
Stlth    ..........             (no amulet)
HPRegen  0.20/turn              l - +4 ring of protection
MPRegen  0.08/turn              (no ring)

@: berserking, hasted, very quick
A: horns 2, retaliatory headbutt
a: no special abilities


You were on level 2 of the Dungeon.
You visited 1 branch of the dungeon, and saw 2 of its levels.

You collected 75 gold pieces.

Inventory:

Hand Weapons
 a - a +0 war axe (weapon)
Armour
 b - a +0 scale mail (worn)
 c - a +0 kite shield (worn)
Jewellery
 l - a +4 ring of protection (left hand)
Scrolls
 e - a scroll of fear {unknown}
 f - 4 scrolls of identify {unknown}
 j - a scroll of immolation {unknown}
Potions
 d - a potion of might
 k - a potion of attraction {unknown}
 m - a potion of flight {unknown}


   Skills:
 + Level 4.3 Fighting
 * Level 4.0 Axes
 + Level 4.2 Armour
 + Level 1.7 Dodging
 + Level 4.2 Shields


You had 3 spell levels left.
You didn't know any spells.
Your spell library contained the following spells:

 Spells                   Type           Power      Damage    Failure   Level
 Ensorcelled Hibernation  Hex/Ice        0%         N/A       100%        2
 Spider Form              Tmut/Pois      0%         N/A       100%        3
 Airstrike                Air            0%         N/A       100%        4
 Summon Lightning Spire   Summ/Air       0%         N/A       100%        4
 Lightning Bolt           Conj/Air       0%         1d11      100%        5
 Shadow Creatures         Summ           N/A        N/A       100%        6


Dungeon Overview and Level Annotations

Branches:
Dungeon (2/15)

Altars:

Annotations:
D:2 Sigmund


Innate Abilities, Weirdness & Mutations

You have a pair of horns on your head.
You reflexively headbutt those who attack you in melee.


Message History

Unknown command.
There are monsters nearby!
You are too injured to fight recklessly!
Unknown command.
There are monsters nearby!
You are too injured to fight recklessly!
l - a +4 ring of protection (left hand)
The crimson imp blinks!
You block Natasha's attack. Sigmund casts a spell at you.
The puff of flame hits you.
* * * LOW HITPOINT WARNING * * *
Unknown command.
It was a potion of haste.
You feel yourself speed up. Natasha claws you.
* * * LOW HITPOINT WARNING * * *
Sigmund hits you from afar with a +0 scythe.
* * * LOW HITPOINT WARNING * * *
It was a potion of degeneration.
There was something very wrong with that liquid.
You feel weakened.
You feel dopey.
You feel clumsy.
The iron imp hits you but does no damage.
It was a potion of berserk rage.
A red film seems to cover your vision as you go berserk!
You feel yourself moving faster!
You feel mighty! You block Natasha's attack.
Sigmund hits you but does no damage.
You slash Natasha!
You kill Natasha!
Natasha growls in agony!
The crimson imp disappears in a puff of smoke!
The iron imp disappears in a puff of smoke!
Sigmund casts a spell at you. You resist with some effort.
You feel your strength returning.
Your Axes skill increases to level 4!
Sigmund hits you with a +0 scythe.
* * * LOW HITPOINT WARNING * * *
You see here the felid corpse of Natasha.
You closely miss Sigmund. You headbutt Sigmund!
Sigmund is moderately wounded.
Sigmund hits you with a +0 scythe.
You die...

..).......#............#
#..#...#####...###...#.#
.......# ##..#..#..#...#
#.#....# #..###...###..#
..'....# #...#.....#..#
.##....# #.......#)..###
.##....# ##.##..........
.##....# #.............
###....# ####..@.......
#....# #.§@.......
#....# #..........
###### #§§........
#.......... #..........
#.......... #..........


You could see Sigmund.

Vanquished Creatures
  Natasha (twice) (D:2)
  An adder (D:2)
  4 bats
  2 endoplasms (D:1)
  4 giant cockroaches
  8 goblins
  2 hobgoblins
  9 jackals
  A quokka (D:1)
  7 ball pythons
  3 frilled lizards
  5 kobolds
  4 rats (D:1)
52 creatures vanquished.

Notes
Turn   | Place    | Note
-------+----------+-------------------------------------------
     0 | D:1      | Sin92 the Minotaur Fighter began the quest for the Orb.
     0 | D:1      | Reached XP level 1. HP: 19/19 MP: 0/0
   101 | D:1      | Reached XP level 2. HP: 26/27 MP: 1/1
   270 | D:1      | Reached skill level 1 in Dodging
   300 | D:1      | Reached XP level 3. HP: 32/33 MP: 2/2
   819 | D:2      | Found a faded altar of an unknown god.
   858 | D:2      | Noticed Natasha
   866 | D:2      | Killed Natasha
   867 | D:2      | Reached XP level 4. HP: 31/40 MP: 3/3
  1116 | D:2      | Noticed Natasha
  1116 | D:2      | Noticed Sigmund
  1125 | D:2      | Killed Natasha
  1127 | D:2      | Slain by Sigmund

Illustrated notes

Levels and vault maps discovered:
D:1:      dpeg_arrival_boxes_within_box, layout_basic, hex_intersection
D:2:      layout_basic, ebering_ecumenical_altar_webs, minmay_strange_pillars,
          minmay_tetromino_s2, uniq_natasha, uniq_sigmund

Skill      XL: |  1  2  3  4 |
---------------+-------------+-----
Axes           | 3 4 |  4.0
Dodging        | 1 |  1.7
Fighting       | 4 |  4.3
Armour         | 4 |  4.2
Shields        | 4 |  4.2

Action                   |  1- 3 |  4- 6 || total
-------------------------+-------+-------++-------
Melee: War axe           |    85 |     6 ||    91
       Headbutt          |    17 |     1 ||    18
  Use: Potion            |       |     3 ||     3
Armor: Scale mail        |    54 |     3 ||    57
Dodge: Dodged            |    36 |     1 ||    37
Block: Kite shield       |    59 |     3 ||    62

Table legend: (Time is in decaauts)
 A = Elapsed time spent in this place.
 B = Non-inter-level travel time spent in this place.
 C = Inter-level travel time spent in this place.
 D = Time resting spent in this place.
 E = Time spent auto-exploring this place.
 F = Levels seen in this place.
 G = Mean time per level.
                   A        B        C        D        E       F      G
               +--------+--------+--------+--------+--------+-----+--------+
         Total |   1175 |   1169 |      6 |      0 |    911 |   2 |  587.5 |
       Dungeon |   1175 |   1169 |      6 |      0 |    911 |   2 |  587.5 |
               +--------+--------+--------+--------+--------+-----+--------+

Top non-repeatable levels by time:
     D:1: 662 daAuts
     D:2: 513 daAuts
